 Dungeon Crawl Stone Soup version 0.28-a0-1594-ga885d4b3d6 (webtiles) character file.

Game seed: 12176276103943275536

1395 Hasart the Insei (level 8, -9/51 (54) HPs)
             Began as an Octopode Transmuter on Jan 20, 2022.
             Mangled by a gnoll (13 damage)
             ... on level 6 of the Dungeon.
             The game lasted 00:12:07 (8730 turns).

Hasart the Insei (Octopode Transmuter)              Turns: 8730, Time: 00:12:08

HP:   -9/51 (54)    AC:  1    Str: 10    XL:     8   Next: 68%
MP:   13/13         EV: 15    Int: 17    God:
Gold: 274           SH:  0    Dex: 18    Spells: 4/14 levels left

rFire   . . .      SeeInvis .     - Unarmed
rCold   . . .      Faith    .   (no shield)
rNeg    . . .      Spirit   .   (helmet restricted)
rPois   .          Reflect  .   n - amulet of magic regeneration
rElec   .          Harm     .   m - ring of resist corrosion
rCorr   +          Rampage  .   p - +6 ring of dexterity
Will    .....                   (no ring)
Stlth   +++.......              (no ring)
HPRegen 0.17/turn               (no ring)
MPRegen 0.53/turn               (no ring)
                                (no ring)
                                (no ring)

@: wereblooded, drained
A: almost no armour, amphibious, 8 rings, camouflage 1, gelatinous body 1,
(nimble swimmer 1), tentacles
a: no special abilities


You were on level 6 of the Dungeon.
You visited 1 branch of the dungeon, and saw 6 of its levels.
You also visited: Sewer.

You collected 274 gold pieces.

Inventory:

Jewellery
 m - a ring of resist corrosion (left tentacle)
 n - an amulet of magic regeneration (around mantle)
 p - a +6 ring of dexterity (right tentacle)
Wands
 s - a wand of iceblast (3)
Scrolls
 a - 3 scrolls of fog {unknown}
 b - 7 scrolls of identify {unknown}
 c - 2 scrolls of fear {unknown}
 g - a scroll of blinking {unknown}
 h - 2 scrolls of teleportation {unknown}
 i - 2 scrolls of enchant weapon {unknown}
 r - a scroll of enchant armour {unknown}
 t - a scroll of brand weapon {unknown}
Potions
 d - 2 potions of mutation {unknown}
 e - 4 potions of curing
 f - a potion of degeneration {unknown}
 j - a potion of ambrosia {unknown}
 k - a potion of attraction {unknown}
 l - 2 potions of heal wounds {unknown}
 o - a potion of might {unknown}
 q - 3 potions of flight


   Skills:
 + Level 3.7 Fighting
 + Level 4.3 Dodging
 * Level 6.2 Unarmed Combat
 + Level 3.8 Spellcasting
 + Level 4.2 Transmutations
 + Level 1.9 Ice Magic
 + Level 4.0 Poison Magic


You had 4 spell levels left.
You knew the following spells:

 Your Spells              Type           Power      Damage    Failure   Level
a - Beastly Appendage     Tmut           34%        N/A       2%          1
b - Wereblood             Tmut           17%        N/A       4%          2
c - Spider Form           Tmut/Pois      17%        N/A       9%          3
d - Ice Form              Ice/Tmut       13%        N/A       41%         4

Your spell library contained the following spells:

 Spells                   Type           Power      Damage    Failure   Level
 Freeze                   Ice            36%        1d6       8%          1
 Animate Skeleton         Necr           6%         N/A       16%         1
 Pain                     Necr           12%        1d4       16%         1
 Ensorcelled Hibernation  Hex/Ice        12%        N/A       16%         2
 Frozen Ramparts          Ice            18%        1d3       22%         3
 Blink                    Tloc           6%         N/A       24%         2
 Lesser Beckoning         Tloc           3%         N/A       43%         3
 Summon Guardian Golem    Hex/Summ       3%         N/A       43%         3
 Vampiric Draining        Necr           3%         2d6       43%         3
 Hailstorm                Conj/Ice       6%         3d4       71%         4
 Anguish                  Hex/Necr       1%         N/A       85%         4
 Manifold Assault         Tloc           3%         N/A       99%         5
 Orb of Destruction       Conj           1%         9d5       100%        7
 Spellforged Servitor     Conj/Summ      1%         N/A       100%        7


Dungeon Overview and Level Annotations

Branches:
Dungeon (6/15)              Sewer (visited)
 Temple: D:4-7

Altars:
Cheibriados

Shops:
D:4 *

Annotations:
D:4 3 runed translucent doors, Anon1729's ghost, amateur MiMo


Innate Abilities, Weirdness & Mutations

You cannot wear most types of armour.
You are amphibious.
You can wear up to eight rings at the same time.
Your skin changes colour to match your surroundings (Stealth+).
Your rubbery body absorbs attacks. (AC +1, EV +1)
((You are camouflaged when in or above water. (Stealth+)))
You have tentacles for arms and can constrict up to eight enemies at once.


Message History

You feel a bit more experienced.
Your Poison Magic skill increases to level 4!
Your transformation is almost over.
Your transformation has ended.
There is an open door here.
A gnoll is nearby!
Found 16 gold pieces.
A gnoll comes into view. It is wielding a +1 flail of draining.
Casting: Spider Form (dangerous; 9% risk of failure)
Confirm with . or Enter, or press ? or * to list all spells.
You turn into a venomous arachnid creature.
The gnoll shouts!
Casting: Spider Form (dangerous; 22% risk of failure)
Confirm with . or Enter, or press ? or * to list all spells.
Your blood is infused with primal strength.
A gnoll comes into view. It is wielding a +0 flail.
The gnoll misses you.
The gnoll shouts!
Your transformation is almost over.
There is an open door here.
The gnoll misses you.
You hit the gnoll but do no damage. The gnoll closely misses you.
The gnoll completely misses you.
The gnoll throws a throwing net.
The throwing net hits you.
You become entangled in the net!
You see here a throwing net.
You struggle against the net.
The gnoll hits you with a +1 flail of draining!
You feel drained. The gnoll barely misses you.
You struggle against the net.
The gnoll misses you. The gnoll hits you with a +0 halberd!
The gnoll completely misses you.
You struggle against the net.
Your transformation has ended.
The gnoll closely misses you. The gnoll hits you with a +0 halberd!
The gnoll barely misses you.
You rip the net and break free!
The gnoll hits you with a +1 flail of draining!
* * * LOW HITPOINT WARNING * * *
You feel drained. The gnoll hits you with a +0 halberd!
You die...

##..........†....'........#.#
##...............'#.........#
.................>..........##.
...#...######..................
##.#........#..............##..
##.#........#..............#
...#........#######........#
####[.......# #gg'........+
..#.........####@##........#
#.#.............g##........#
#...###......######.......$#
..###.....##.# #........#
#.###.######+# #........#
<.....# ########## #######
.>.#... .......


You could see 3 gnolls.

Vanquished Creatures
  A water moccasin (D:6)
  2 sky beasts
  2 ogres
  2 kobold brigands (Sewer)
  2 scorpions (D:5)
  A water moccasin zombie (D:5)
  2 centaur zombies (D:5)
  A jelly (D:6)
  A hound (D:6)
  2 orc priests
  An iguana (D:4)
  2 orc wizards
  A howler monkey zombie (D:6)
  10 gnolls (D:3)
  2 river rats
  7 adders
  A shadow imp (D:6)
  A white imp (D:6)
  An ufetubus (D:4)
  An adder skeleton (D:5)
  4 worms (D:5)
  3 dart slugs
  20 orcs
  4 ball pythons
  4 endoplasms
  6 giant cockroaches
  13 goblins
  10 hobgoblins
  9 jackals
  5 quokkas
  5 bats
  5 frilled lizards
  8 kobolds
  10 rats
149 creatures vanquished.

Vanquished Creatures (others)
  5 plants (D:1)
5 creatures vanquished.

Grand Total: 154 creatures vanquished

Notes
Turn   | Place    | Note
-------+----------+-------------------------------------------
     0 | D:1      | Hasart the Octopode Transmuter began the quest for the Orb.
     0 | D:1      | Reached XP level 1. HP: 13/13 MP: 3/3
   159 | D:1      | Found a faded altar of an unknown god.
   263 | D:1      | Reached XP level 2. HP: 1/18 MP: 5/5
   533 | D:1      | Learned a level 2 spell: Wereblood
   894 | D:1      | Reached XP level 3. HP: 13/23 MP: 6/6
   902 | D:1      | Learned a level 3 spell: Spider Form
  2287 | D:2      | Reached XP level 4. HP: 27/28 MP: 7/7
  2632 | D:2      | Reached skill level 1 in Poison Magic
  3384 | D:3      | HP: 1/29 [gnoll (7)]
  3386 | D:3      | Reached XP level 5. HP: 5/34 MP: 5/8
  3702 | D:3      | Reached skill level 4 in Unarmed Combat
  4769 | D:4      | Reached XP level 6. HP: 39/39 MP: 6/10
  4802 | D:4      | Found a runed translucent gate.
  4804 | D:4      | Found a runed translucent gate.
  4805 | D:4      | Found a runed translucent gate.
  4805 | D:4      | Noticed Anon1729's ghost (amateur MiMo)
  4939 | D:4      | Found Vuenk's General Store.
  5723 | D:4      | Found a snail-covered altar of Cheibriados.
  6012 | D:5      | Entered Level 5 of the Dungeon
  6402 | D:5      | Found a glowing drain.
  6406 | Sewer    | Entered a sewer
  6417 | Sewer    | Reached XP level 7. HP: 38/45 MP: 11/11
  6465 | Sewer    | Reached skill level 5 in Unarmed Combat
  6602 | Sewer    | Found a white marble altar of Elyvilon.
  6978 | D:5      | Learned a level 4 spell: Ice Form
  7433 | D:5      | Reached XP level 8. HP: 52/52 MP: 13/13
  7541 | D:5      | Reached skill level 1 in Ice Magic
  8360 | D:6      | Reached skill level 6 in Unarmed Combat
  8730 | D:6      | Mangled by a gnoll

Illustrated notes

Levels and vault maps discovered:
D:1:      onia_arrival_pentagram, layout_loops_ring, serial_forest,
          infiniplex_forest_lined_3_way, infiniplex_forest_clump_double,
          infiniplex_forest_clump_small, infiniplex_forest_straight_1,
          infiniplex_forest_lined_room_3, infiniplex_forest_straight_2,
          shapermc_ecumenical_altar_ellora
D:2:      layout_basic, minmay_split_cup_small
D:3:      layout_basic, chequers_serial_rivers_room_a
D:4:      layout_rooms, mainiacjoe_overflow_brackets, serial_shops,
          nicolae_shop_crystal, ebering_ghost_rock_garden, minmay_crystal_room,
          chequers_garden
D:5:      layout_basic, gup_sewer_entry_spiral, supply_closet_lemuel
D:6:      layout_basic

Skill      XL: |  1  2  3  4  5  6  7  8 |
---------------+-------------------------+-----
Poison Magic   | 1 2 3 4 |  4.0
Fighting       | 2 3 |  3.7
Unarmed Combat | 4 5 6 |  6.2
Dodging        | 3 4 |  4.3
Transmutations | 3 4 |  4.2
Spellcasting   | 3 |  3.8
Ice Magic      | 1 |  1.9

Action                   |  1- 3 |  4- 6 |  7- 9 || total
-------------------------+-------+-------+-------++-------
Melee: Unarmed           |    98 |   178 |   121 ||   397
       Tentacles         |    21 |    42 |    17 ||    80
       Constrict         |    26 |    49 |    18 ||    93
       Punch             |     2 |     8 |     5 ||    15
       Kick              |       |    19 |     3 ||    22
 Cast: Beastly Appendage |       |     6 |     1 ||     7
       Wereblood         |       |     4 |     4 ||     8
       Spider Form       |       |     1 |     9 ||    10
       Ice Form          |       |       |     1 ||     1
 Stab: Sleeping          |     8 |     9 |     2 ||    19
       Distracted        |       |       |     2 ||     2
Armor: Skin              |     2 |    10 |     6 ||    18
Dodge: Dodged            |    56 |    87 |    99 ||   242

Table legend: (Time is in decaauts)
 A = Elapsed time spent in this place.
 B = Non-inter-level travel time spent in this place.
 C = Inter-level travel time spent in this place.
 D = Time resting spent in this place.
 E = Time spent auto-exploring this place.
 F = Levels seen in this place.
 G = Mean time per level.
                   A        B        C        D        E       F      G
               +--------+--------+--------+--------+--------+-----+--------+
         Total |   8697 |   8562 |    135 |   1261 |   6105 |   7 | 1242.4 |
       Dungeon |   8459 |   8324 |    135 |   1261 |   5916 |   6 | 1409.8 |
         Sewer |    238 |    238 |      0 |      0 |    189 |   1 |  238.0 |
               +--------+--------+--------+--------+--------+-----+--------+

Top non-repeatable levels by time:
     D:5: 1797 daAuts
     D:2: 1784 daAuts
     D:3: 1740 daAuts
     D:1: 1378 daAuts
     D:4: 1113 daAuts
     D:6: 644 daAuts
   Sewer: 238 daAuts
